[Event "*** Titled Tuesday Blitz"]
[Site "Chess.com"]
[Date "2020.04.28"]
[Round "8"]
[White "ZarinaShafigullina"]
[Black "Kostya26"]
[Result "1-0"]
[WhiteElo "2223"]
[BlackElo "2393"]
[TimeControl "180+1"]
[EndTime "11:36:49 PDT"]
[Termination "ZarinaShafigullina won by resignation"]

1. d4 d5 2. Nf3 Nf6 3. g3 Bf5 4. c4 e6 5. Nc3 c6 6. Nh4 Bg6 7. Qb3 Qc8 8. Bg2 Be7 9. O-O O-O 10.
Nxg6 hxg6 11. e4 dxe4 12. Nxe4 Nxe4 13. Bxe4 Nd7 14. Re1 Nf6 15. Bf3 Rd8 16. Be3 Qd7 17. Rad1 Rac8 18. Bg5 Qc7 19. Re2 b6 20. Red2 c5 21.
Bxf6 Bxf6 22. d5 exd5 23. Bxd5 Bd4 24. Qf3 Rd6 25. b3 Rf6 26. Qg4 Re8 27. Kg2 Qe5 28.
Rxd4 cxd4 29. Rxd4 Qe2 30. Qxe2 Rxe2 31. Bf3 Rxa2 32. Rd7 Ra3 33. Bd5 Ra2 34. Bf3 Rb2 35.
Rxa7 Rxb3 36. Bd5 Rb2 37. Bf3 Rc2 38. Rb7 Rxc4 39. Rb8+ Kh7 40. h4 Rc3 41. Be4 Rb3 42. h5 Rb2 43. hxg6+ fxg6 44. Bf3 b5 45. Rb7 b4 46. g4 b3 47. Kg3 Rb1 48. Be4 Rg1+ 49. Kh2 Rxg4 50. f3 Rxe4 51. fxe4 Rf2+ 52. Kg3 Rb2 53.
e5 Kg8 54. e6 Kf8 55. Rf7+ Kg8 56. Rb7 Rb1 57. Rb8+ Kh7 58. e7 Re1 59. e8=Q Rxe8 60. Rxe8 b2 61. Rb8 1-0

[Event "*** Titled Tuesday Blitz"]
[Site "Chess.com"]
[Date "2020.04.28"]
[Round "8"]
[White "Vespasian23"]
[Black "TheMightyBishops"]
[Result "1-0"]
[WhiteElo "2267"]
[BlackElo "2011"]
[TimeControl "180+1"]
[EndTime "11:36:49 PDT"]
[Termination "Vespasian23 won by resignation"]

1. e4 d6 2. Nf3 Nd7 3. g3 e5 4. Bg2 Ngf6 5. Qe2 Be7 6. O-O c6 7. b3 Qc7 8. Bb2 h6 9. c4 b6 10.
Nc3 Nh7 11. d4 f6 12. Rfd1 Ng5 13. Nh4 Nf8 14. a4 h5 15. d5 c5 16. Nb5 Qd7 17.
a5 a6 18. Nc3 Nh3+ 19. Kh1 g5 20. Nf5 g4 21. axb6 Ng6 22. b4 Ngf4 23. gxf4 Nxf4 24. Qc2 Bd8 25. bxc5 dxc5 26. Qa4 Bxb6 27. Qxd7+ Bxd7 28. Na4 Ba7 29. Bc1 Ne2 30. Be3 Nd4 31. Nxd4 exd4 32. Bf4 h4 33. e5 h3 34. Be4 fxe5 35. Bxe5 Rf8 36. Rd2 Bf5 37. Bxf5 Rxf5 38. Bd6 Rc8 39. Rb1 Kd7 40. Bg3 Rf3 41. Rb7+ Kd8 42. Rxa7 Ra3 43.
Nb2 Ra1+ 44. Nd1 a5 45. Kg1 a4 46. Kf1 a3 47. Ke2 Rb1 48. Rxa3 Ke7 49. Kd3 Kf6 50. Kc2 Rb4 51. Ra6+ Kf5 52. Nb2 Rcb8 53. Kc1 R8b7 54. Rc6 Ke4 55. Rxc5 Kf3 56. d6 Kg2 57. Rd5 Ra7 58. R5xd4 Ra1+ 59. Kc2 Ra2 60. Kc3 Rb7 61. d7 Rba7 62. c5 R7a3+ 63. Kc4 Rxg3 64. fxg3+ Kf3 65.
d8=Q 1-0

[Event "*** Titled Tuesday Blitz"]
[Site "Chess.com"]
[Date "2020.04.28"]
[Round "8"]
[White "Semen16"]
[Black "HrvojeZagreb"]
[Result "0-1"]
[WhiteElo "2320"]
[BlackElo "2108"]
[TimeControl "180+1"]
[EndTime "11:36:49 PDT"]
[Termination "HrvojeZagreb won by checkmate"]

1. e4 e6 2. Nf3 d5 3. Nc3 dxe4 4. Nxe4 Nd7 5. d4 Ngf6 6. Bd3 b6 7. Nxf6+ Nxf6 8.
Ne5 a6 9. Qf3 Qd5 10. Qxd5 Nxd5 11. a3 Bb7 12. O-O Bd6 13. Re1 Bxe5 14. dxe5 c5 15. Be4 O-O-O 16. Bg5 Rd7 17. Rad1 h6 18.
Bc1 Rhd8 19. c4 Ne7 20. Bxb7+ Kxb7 21. Rxd7+ Rxd7 22. Kf1 h5 23. Be3 Nf5 24. Ke2 Kc6 25. Rc1 Nxe3 26. Kxe3 Rd4 27. f4 f6 28. g3 fxe5 29.
fxe5 h4 30. b3 hxg3 31. hxg3 Rg4 32. Rg1 b5 33. cxb5+ axb5 34. Kf3 Rd4 35. Ke3 Kd5 36. Rc1 c4 37. bxc4+ bxc4 38. Rb1 Rd3+ 39. Kf4 Rxa3 40. Rb5+ Kd4 41. Rb6 c3 42. Rd6+ Kc4 43. Rxe6 c2 44. Rc6+ Kd3 45. Rd6+ Ke2 46. Rc6 Kd2 47.
e6 Rc3 48. e7 Rxc6 49. e8=Q c1=Q 50. Qd7+ Kc2+ 51. Kg4 Rc4+ 52. Kf5 Qf1+ 53. Kg6 Qd3+ 54. Qxd3+ Kxd3 55. Kxg7 Rg4+ 56. Kf6 Rxg3 57. Ke6 Re3+ 58. Kf5 Re4 59. Kf6 Kd4 60. Kf5 Kd5 61. Kf6 Rf4+ 62.
Kg5 Ke5 63. Kg6 Re4 64. Kg5 Rd4 65. Kg6 Rf4 66. Kg5 Re4 67. Kg6 Ke6 68. Kg5 Rd4 69.
Kg6 Rg4+ 70. Kh5 Kf5 71. Kh6 Kf6 72. Kh5 Rf4 73. Kh6 Rh4# 0-1

[Event "*** Titled Tuesday Blitz"]
[Site "Chess.com"]
[Date "2020.04.28"]
[Round "8"]
[White "Gabrielian_Artur"]
[Black "swimmerchess"]
[Result "0-1"]
[WhiteElo "2737"]
[BlackElo "2859"]
[TimeControl "180+1"]
[EndTime "11:36:50 PDT"]
[Termination "swimmerchess won by checkmate"]

1. e4 e5 2. Nc3 Nf6 3. g3 c6 4.
Bg2 d5 5. d3 Bc5 6. Nge2 O-O 7.
O-O Be6 8. Bg5 Be7 9. Kh1 h6 10. Bxf6 Bxf6 11. f4 exf4 12. Nxf4 Qd6 13. exd5 cxd5 14.
Ncxd5 Bxb2 15. Rb1 Be5 16. Rxb7 Nc6 17. Nc7 Rab8 18.
Rxb8 Rxb8 19. Ncxe6 fxe6 20. Ng6 Bf6 21. Qg4 Nd4 22.
Be4 Nxc2 23. Qf4 Qxf4 24. Nxf4 Nd4 25. Kg2 Kf7 26. Kh3 Ke7 27. Rc1 Kd6 28. Rc4 a5 29. Ra4 Rb5 30. Kg2 g5 31. Nh5 Be5 32. Kh3 Bh8 33. Rc4 Be5 34. Kg2 Rb2+ 35. Kh3 Rxa2 36. Rc8 a4 37. Rd8+ Ke7 38. Ra8 a3 39. Ra7+ Kd6 40.
Ra6+ Kc7 41. Ra7+ Kb6 42. Rb7+ Ka6 43. Rb4 Ka5 44. Rb7 Rb2 45. Ra7+ Kb4 46. Kg4 a2 47. h4 gxh4 48. Nf4 hxg3 49. Rb7+ Kc3 50. Ra7 Bxf4 51. Kxf4 g2 52. Bxg2 Rxg2 53. Ke5 Nb3 54. Rc7+ Kb4 55. Rb7+ Ka4 56. Ra7+ Na5 57. Rd7 a1=Q+ 58. d4 Qe1+ 59. Kd6 Qb4+ 60. Ke5 Re2+ 61. Kf6 Qf8+ 62. Kg6 Rg2+ 63.
Kh5 Qf5+ 64. Kh4 Qg4# 0-1

[Event "*** Titled Tuesday Blitz"]
[Site "Chess.com"]
[Date "2020.04.28"]
[Round "8"]
[White "JiaHaoxiang"]
[Black "Kotofeyca"]
[Result "1-0"]
[WhiteElo "2582"]
[BlackElo "2434"]
[TimeControl "180+1"]
[EndTime "11:36:50 PDT"]
[Termination "JiaHaoxiang won by checkmate"]

1. d4 d5 2. c4 c6 3. Nf3 Nf6 4. Nc3 dxc4 5. a4 Bg4 6. Ne5 Bh5 7. Nxc4 e6 8. f3 c5 9. Be3 cxd4 10. Qxd4 Qxd4 11.
Bxd4 Nc6 12. Bf2 Bb4 13. e4 Ke7 14. O-O-O Rhd8 15. Be2 Bxc3 16. bxc3 Nxe4 17. fxe4 Bxe2 18. Bc5+ Kf6 19. Rxd8 Rxd8 20. Nd6 b6 21. Ba3 Ne5 22. Kc2 Nc4 23. Nxc4 Bxc4 24. Re1 Ke5 25. Re3 Ba6 26. Be7 Rd7 27. Bh4 Bb7 28. Bg3+ Kf6 29. e5+ Kf5 30. Re2 Be4+ 31. Kb3 Rd3 32. Rf2+ Kg6 33. Re2 Bf5 34.
Bf2 Bg4 35. Ra2 Bd1+ 36. Kc4 Rd5 37. Bd4 Bg4 38. h3 Bf5 39. g4 Be4 40. Re2 Bf3 41.
Rf2 Bd1 42. Kb4 h6 43. Rd2 Bf3 44. Rf2 Be4 45. Rd2 Kg5 46. Rf2 Bg6 47. Rf3 Kh4 48. Bf2+ Kg5 49. Be3+ Kh4 50. Bf4 Rd3 51. Be3 Be4 52.
Bf2+ Kg5 53. Rxf7 g6 54. Rxa7 Rxh3 55. Re7 Bd5 56. c4 Be4 57. Rxe6 Kxg4 58. Rxb6 Bc2 59. e6 Rb3+ 60. Ka5 Rxb6 61. Bxb6 Bxa4 62. Kxa4 Kf5 63. e7 h5 64. e8=Q h4 65. Qd7+ Kg5 66. Bd8+ Kh5 67.
Qd5+ g5 68. Qxg5# 1-0

[Event "*** Titled Tuesday Blitz"]
[Site "Chess.com"]
[Date "2020.04.28"]
[Round "8"]
[White "stanyga"]
[Black "CSB7"]
[Result "1-0"]
[WhiteElo "2704"]
[BlackElo "2522"]
[TimeControl "180+1"]
[EndTime "11:36:51 PDT"]
[Termination "stanyga won on time"]

1. e4 e5 2. Nf3 Nc6 3. Bb5 Nf6 4. O-O Nxe4 5. d4 Nd6 6. Bxc6 dxc6 7. dxe5 Nf5 8. Qxd8+ Kxd8 9. Nc3 Bd7 10. h3 h6 11.
b3 Kc8 12. Bb2 b6 13. Ne2 c5 14. Nf4 Kb7 15. e6 fxe6 16. Ne5 Bd6 17. Rfe1 Rhe8 18. Rad1 Rad8 19. Nh5 Bc8 20. Nf7 Rd7 21. Nxd6+ cxd6 22. g4 Nh4 23. Re3 e5 24. f4 Rf7 25. Rxd6 e4 26. Nxg7 Rg8 27. Nh5 Bxg4 28. hxg4 Rxg4+ 29. Rg3 Rxg3+ 30.
Nxg3 Rxf4 31. Rf6 Rg4 32. Kf2 Nf3 33. Nxe4 Nd4 34. Bxd4 cxd4 35. Kf3 Rh4 36. Nf2 Ka6 37. Rf4 Rh2 38. Rxd4 Rh5 39. a4 Rc5 40. c4 h5 41. Ne4 Rc8 42. Ke3 Ka5 43. Rd5+ Kb4 44. Rb5+ Ka3 45. Rxh5 Kxb3 46. a5 Kb4 47. axb6 axb6 48.
Rb5+ Ka4 49. Kd3 Rd8+ 50. Kc3 Rb8 51. Nf2 Ka3 52. Nd3 Ka4 53. Rb4+ Ka3 54. c5 b5 55.
Rb3+ Ka4 56. Kd4 Rd8+ 57. Kc3 1-0

[Event "*** Titled Tuesday Blitz"]
[Site "Chess.com"]
[Date "2020.04.28"]
[Round "8"]
[White "SergioGarciaFuentes"]
[Black "korkmaz16"]
[Result "0-1"]
[WhiteElo "2089"]
[BlackElo "2279"]
[TimeControl "180+1"]
[EndTime "11:36:51 PDT"]
[Termination "korkmaz16 won on time"]

1. Nf3 d5 2. g3 Nf6 3. Bg2 c6 4. b3 Bf5 5. Bb2 e6 6. c4 h6 7.
d3 Be7 8. Nbd2 O-O 9. O-O Nbd7 10. a3 a5 11. Rc1 Qb6 12. Rc2 Rac8 13. Qa1 Rfd8 14.
h3 Bh7 15. Re1 Bc5 16. Rf1 Bf8 17. Rfc1 dxc4 18. bxc4 Bc5 19. Rf1 a4 20. Ne5 Nxe5 21.
Bxe5 Ne8 22. Rb2 Qa7 23. Rfb1 Rd7 24. Rf1 f6 25. Bc3 e5 26. Rbb1 Nd6 27. h4 Nf5 28. Bh3 Rcd8 29. Ne4 Bd4 30. Bxd4 Rxd4 31. Qb2 Nd6 32.
Nxd6 R4xd6 33. Qxb7 Qc5 34. Qb4 Qd4 35. Qxa4 c5 36. Qb5 e4 37. Rfd1 exd3 38. Bf1 d2 39. e3 Qe5 40. Qb2 Be4 41. Qxe5 fxe5 42. Bg2 Bxb1 43. Bd5+ Rxd5 44. cxd5 Rxd5 45. Rxb1 Rd4 46. Rd1 Rd3 47. Kf1 c4 48. Ke2 e4 49. f3 Rxa3 50. fxe4 c3 51. Kd3 Rb3 52. Kc2 Ra3 53. Rb1 Kh7 54. e5 Kg6 55. e6 Kf6 56. Rf1+ Kxe6 57. Rb1 Ke5 58. Kd3 Rb3 0-1

[Event "*** Titled Tuesday Blitz"]
[Site "Chess.com"]
[Date "2020.04.28"]
[Round "8"]
[White "EfM13"]
[Black "ShahMatKanal"]
[Result "0-1"]
[WhiteElo "2254"]
[BlackElo "2441"]
[TimeControl "180+1"]
[EndTime "11:36:52 PDT"]
[Termination "ShahMatKanal won on time"]

1. e4 d5 2. exd5 Qxd5 3. Nc3 Qd6 4. d4 Nf6 5. Nf3 c6 6. Bc4 Bg4 7. Be3 e6 8. O-O Be7 9. Be2 O-O 10. Qd2 Qc7 11. h3 Bh5 12. Bf4 Bd6 13. Ne5 Bxe2 14. Qxe2 Nd5 15. Nxd5 cxd5 16. Qd2 Nc6 17. Rfe1 f6 18. Nd3 Nxd4 19. c3 e5 20. cxd4 exf4 21. Rac1 Qb6 22. Nxf4 Bxf4 23. Qxf4 Qxb2 24. Rb1 Qxa2 25.
Rxb7 Rf7 26. Rxf7 Kxf7 27. Qc7+ Kg8 28. Re7 Qb1+ 29. Kh2 Qg6 30. Qb7 Rd8 31. Qxa7 h5 32.
Qa5 Rd6 33. Qa8+ Kh7 34. Qb8 Rc6 35. Qb5 Rd6 36. Qc5 Rd8 37. Qc7 Ra8 38. Qc6 Rd8 39.
Qc7 Ra8 40. Qc6 Ra2 41. Qxd5 Rxf2 42. Qb7 h4 43. Qe4 Qxe4 44. Rxe4 g5 45. Re6 Kg6 46. d5 Rd2 47. Rd6 Kf5 48. Kg1 Ke5 49. Rd8 Rxd5 50.
Re8+ Kf5 51. Kf2 Re5 52. Rf8 Re4 53. Kf3 Re5 54. Kf2 Ra5 55. Kf3 Ra3+ 56. Kf2 Ra6 57. Kf3 Ra5 58. Kf2 Rb5 59. Kf3 Rb6 60. Kf2 Kf4 61. Rc8 Rb4 0-1

[Event "*** Titled Tuesday Blitz"]
[Site "Chess.com"]
[Date "2020.04.28"]
[Round "8"]
[White "Vaathi_Coming"]
[Black "lucliasco"]
[Result "1/2-1/2"]
[WhiteElo "2852"]
[BlackElo "2657"]
[TimeControl "180+1"]
[EndTime "11:36:55 PDT"]
[Termination "Game drawn - insufficient material"]

1. Nf3 d5 2. g3 Nf6 3. Bg2 c6 4. O-O Bg4 5. b3 Nbd7 6. Bb2 e6 7. c4 Bd6 8. d3 O-O 9. Nbd2 Re8 10. e4 dxe4 11. dxe4 Be5 12. Qc2 Bxf3 13. Bxf3 Bxb2 14. Qxb2 e5 15. Rfd1 a5 16. Nf1 Qe7 17. Ne3 Nc5 18. Qc2 Qc7 19. Rd2 Rad8 20. Rad1 Ne6 21. Qc3 Rxd2 22. Rxd2 Nd4 23. Kg2 c5 24. h4 b6 25.
g4 h6 26. g5 hxg5 27. hxg5 Nh7 28. Nd5 Qd6 29. Qe3 Qg6 30. Bg4 Nxg5 31. Bf5 Qh6 32. f4 exf4 33. Qxf4 Nxf5 34. Qxf5 Nxe4 35. Re2 Nd6 36.
Rxe8+ Nxe8 37. Qc8 Kf8 38. Qd8 Qd6 39. Qxb6 Qxb6 40.
Nxb6 Ke7 41. Kf3 Kd6 42. Ke4 g6 43. Nd5 f5+ 44. Kf4 Nc7 45. Nc3 Ne6+ 46. Ke3 Ke5 47. a3 g5 48. Nd5 f4+ 49. Kd3 g4 50. b4 axb4 51. axb4 cxb4 52. Nxb4 g3 53. Nc2 g2 54. Ne1 g1=Q 55. Nf3+ Kf5 56. Nxg1 Ke5 57. Nf3+ Kf5 58.
Nd2 Ke5 59. Nb3 Kf5 60. Nc1 Kg4 61. Nb3 f3 62. Nd2 f2 63. Ke2 Kf4 64. Kxf2 Nd4 65. Nb1 Ke4 66. Na3 Ne6 67. Ke2 Kd4 68. Kd2 Nc5 69. Kc2 Nb7 70. Kb3 Na5+ 71. Kb4 Nxc4 1/2-1/2

[Event "*** Titled Tuesday Blitz"]
[Site "Chess.com"]
[Date "2020.04.28"]
[Round "8"]
[White "LionTheLeon_06"]
[Black "TerorPtica"]
[Result "1-0"]
[WhiteElo "2670"]
[BlackElo "2848"]
[TimeControl "180+1"]
[EndTime "11:36:57 PDT"]
[Termination "LionTheLeon_06 won on time"]

1. Nf3 Nf6 2. g3 g6 3. Bg2 Bg7 4.
c4 O-O 5. Nc3 d5 6. cxd5 Nxd5 7.
d4 Nb6 8. O-O Nc6 9. e3 Re8 10.
Re1 a5 11. h3 a4 12. Qc2 e5 13. dxe5 Nxe5 14. Nxe5 Bxe5 15. e4 Qe7 16. f4 Bd4+ 17. Kh2 Qc5 18. Bd2 Bd7 19. Rac1 Nc4 20. Ne2 b5 21. b3 axb3 22. axb3 Nxd2 23. Qxd2 Be3 24. Qxd7 Bxc1 25. Rxc1 Qe3 26. Rc2 c5 27. Qxb5 Red8 28.
Qxc5 Qxc5 29. Rxc5 Rd2 30. Bf3 Raa2 31. Rc3 Rxe2+ 32.
Bxe2 Rxe2+ 33. Kg1 Rxe4 34. Kf2 Rb4 35. Ke3 h5 36. h4 f6 37. Kd3 g5 38. fxg5 fxg5 39.
hxg5 Kg7 40. Kc2 Rg4 41. Re3 Kg6 42. Kc3 Rxg5 43. Rf3 Rc5+ 44. Kd4 Rc8 45. b4 Rb8 46. Kc4 Rc8+ 47. Kb3 Rb8 48. Ka4 Ra8+ 49. Kb5 Rb8+ 50. Kc5 Rc8+ 51. Kd6 Rb8 52. Rb3 Kg5 53. Kc7 Rb5 54.
Kc6 Rb8 55. b5 Kg4 56. b6 Rc8+ 57. Kd7 Rg8 58. b7 Rg7+ 59. Kc6 Rg6+ 60. Kc7 Rg7+ 61. Kb6 Rg8 62. Ka7 Rg7 63. Ka8 Rg5 64. b8=Q Ra5+ 65. Qa7 Rxa7+ 66. Kxa7 1-0

[Event "*** Titled Tuesday Blitz"]
[Site "Chess.com"]
[Date "2020.04.28"]
[Round "8"]
[White "Teidi96"]
[Black "binbin239"]
[Result "1/2-1/2"]
[WhiteElo "2257"]
[BlackElo "2422"]
[TimeControl "180+1"]
[EndTime "11:36:58 PDT"]
[Termination "Game drawn by repetition"]

1. e4 c5 2. Nf3 Nc6 3. d4 cxd4 4.
Nxd4 g6 5. c4 Nf6 6. Nc3 d6 7. Be2 Nxd4 8. Qxd4 Bg7 9. O-O O-O 10.
h3 Be6 11. Qe3 Qa5 12. Bd2 Rfc8 13. Nd5 Qd8 14. Rab1 Nxd5 15. exd5 Bf5 16. Bd3 Qd7 17. Bxf5 Qxf5 18. Qxe7 Rxc4 19. Qxd6 Rd4 20. Bc3 Rxd5 21. Qc7 Rd7 22. Qc4 Bxc3 23. Qxc3 Rad8 24. Rbe1 Qd5 25. b3 Qg5 26. Qe3 Qa5 27. Re2 Qb4 28. Qxa7 b6 29. Qa6 Qc5 30. Qc4 Qa5 31. Rfe1 b5 32.
Qf4 Qa8 33. Qg5 Qb8 34. a4 bxa4 35. bxa4 Rd5 36. Qh6 Rh5 37. Qe3 Rhd5 38. Qc3 Rd3 39.
Re8+ Rxe8 40. Rxe8+ Qxe8 41. Qxd3 Qxa4 42. Qe3 Qd1+ 43. Kh2 Qd6+ 44. g3 Qf6 45. Kg2 h5 46. h4 Qc6+ 47. Qf3 Qc5 48. Qa8+ Kg7 49. Qf3 Qd6 50.
Qe4 Qf6 51. Qf3 Qe5 52. Qd3 Qc5 53. Kf3 Qc6+ 54. Qe4 Qc3+ 55. Qe3 Qf6+ 56. Qf4 Qb2 57. Qe4 Qc3+ 58. Qe3 Qc6+ 59. Qe4 Qd7 60. Qf4 Qd1+ 61.
Kg2 Qd5+ 62. Qf3 Qe6 63. Qf4 f6 64. Qf3 Kh6 65. Qf4+ g5 66. hxg5+ fxg5 67. Qf8+ Kg6 68. Qf3 g4 69. Qd3+ Kg5 70. Qe3+ Qxe3 71. fxe3 Kf5 72.
Kf2 Ke5 73. Kf1 Kf5 74. Kf2 Ke5 75. Kf1 Kf5 76. Kf2 1/2-1/2

[Event "*** Titled Tuesday Blitz"]
[Site "Chess.com"]
[Date "2020.04.28"]
[Round "8"]
[White "Generalas"]
[Black "Vice64"]
[Result "1-0"]
[WhiteElo "2421"]
[BlackElo "2603"]
[TimeControl "180+1"]
[EndTime "11:36:59 PDT"]
[Termination "Generalas won by checkmate"]

1. Nf3 Nf6 2. c4 e6 3. g3 b6 4. Bg2 Bb7 5. O-O Be7 6. b3 O-O 7. Bb2 d5 8. d3 dxc4 9. bxc4 c5 10. Nc3 Nc6 11. Qd2 Qd7 12. Rad1 Rfd8 13. e3 h6 14. Qe2 Rac8 15. Rd2 Qc7 16. Rfd1 Rd7 17. h4 Rcd8 18. Bh3 Nb4 19. a3 Bxf3 20. Qxf3 Nxd3 21. Nb5 Qc8 22. Nxa7 Rxa7 23. Rxd3 Rad7 24. Rxd7 Rxd7 25.
Be5 Qd8 26. Rxd7 Qxd7 27. Qa8+ Kh7 28. Bg2 Ng4 29. Bc3 Qd1+ 30. Bf1 Qc2 31. Be1 Ne5 32.
Kg2 g6 33. Qe8 Bf6 34. h5 Qd1 35. f4 Qxe1 36. fxe5 Qd2+ 37. Kf3 Bxe5 38. Qxf7+ Kh8 39. Qe8+ Kg7 40. Qxg6+ Kf8 41. Qxh6+ Ke7 42. Qh7+ Kd6 43. Qe4 Qd1+ 44. Kf2 Qd2+ 45. Be2 Bxg3+ 46. Kf3 Qxe2+ 47. Kxe2 Be5 48. Kf3 Bf6 49. Kg4 Be5 50. Kf3 Bf6 51. Kg4 Be5 52. Kh3 Bf6 53. h6 Be5 54. h7 Bf6 55. Qg4 Be5 56. Qf3 Bg7 57. Qh5 Be5 58.
h8=Q Bxh8 59. Qxh8 e5 60. Qe8 e4 61. Kg4 b5 62.
cxb5 Kc7 63. Kf4 Kb6 64. Kxe4 Ka5 65. Kd3 c4+ 66. Kc2 Ka4 67. Qc8 Kxa3 68. b6 Kb4 69.
b7 c3 70. b8=Q+ Ka3 71. Qc5+ Ka2 72. Qca7# 1-0

[Event "*** Titled Tuesday Blitz"]
[Site "Chess.com"]
[Date "2020.04.28"]
[Round "8"]
[White "AshotParvanyan"]
[Black "Stewie_89"]
[Result "0-1"]
[WhiteElo "2463"]
[BlackElo "2631"]
[TimeControl "180+1"]
[EndTime "11:36:59 PDT"]
[Termination "Stewie_89 won by resignation"]

1. Nf3 d5 2. d4 Nf6 3. c4 dxc4 4. e3 e6 5. Bxc4 a6 6. O-O c5 7.
Nc3 b5 8. Be2 Bb7 9. b3 Nc6 10.
Bb2 cxd4 11. exd4 Be7 12. Re1 O-O 13. Bf1 Qb6 14. Qd3 Rfd8 15. Rad1 Rd7 16. Qe3 Rad8 17. h3 Nd5 18. Nxd5 Rxd5 19. Bd3 Bf6 20. Be4 R5d7 21. Ng5 h6 22. Nf3 Nb4 23. Bb1 Bxf3 24. Qxf3 Bxd4 25. Bxd4 Rxd4 26. Rxd4 Qxd4 27. a3 Nd5 28.
Rd1 Qf6 29. Qxf6 gxf6 30. Be4 Kf8 31. Rc1 Ke7 32. Bxd5 Rxd5 33. Rc6 Rd6 34. Rc7+ Kf8 35. Ra7 Rd3 36. Rxa6 Rxb3 37. g3 Kg7 38. h4 f5 39. Kg2 Kg6 40. a4 bxa4 41. Rxa4 f6 42. Ra6 e5 43. Rc6 Rd3 44. Ra6 Rd4 45. Rb6 h5 46.
Ra6 f4 47. gxf4 Rxf4 48. Kg3 Kf5 49. f3 Rb4 50. Ra8 Rb3 51. Rh8 e4 52. Rxh5+ Kg6 53.
Rc5 Rxf3+ 54. Kg2 f5 55. Ra5 Kh5 56. Ra8 Kxh4 57. Rg8 Rf4 58. Rh8+ Kg5 59. Rg8+ Kf6 60. Rf8+ Ke5 61. Re8+ Kd4 62. Kg3 Rf3+ 63. Kg2 Ke3 64.
Rf8 f4 65. Re8 Rf2+ 66. Kg1 Rd2 67. Ra8 f3 68. Ra3+ Kf4 69. Ra8 Rd1+ 70. Kh2 f2 71. Rf8+ Ke3 72. Kg2 Rg1+ 0-1

[Event "*** Titled Tuesday Blitz"]
[Site "Chess.com"]
[Date "2020.04.28"]
[Round "8"]
[White "DonBroca"]
[Black "ChessicallyInclined"]
[Result "1/2-1/2"]
[WhiteElo "2074"]
[BlackElo "2518"]
[TimeControl "180+1"]
[EndTime "11:36:59 PDT"]
[Termination "Game drawn - insufficient material"]

1. e4 c5 2. Nf3 Nc6 3. d4 cxd4 4. Nxd4 Nf6 5. Nc3 e5 6. Ndb5 d6 7. Bg5 a6 8. Bxf6 gxf6 9. Na3 f5 10. Bd3 Nd4 11.
Nd5 b5 12. c3 fxe4 13. Bxe4 Ne6 14. Qh5 Ra7 15. Nc2 Qg5 16. Qxg5 Nxg5 17. Nf6+ Ke7 18.
Nd5+ Kd8 19. f3 Nxe4 20. fxe4 f5 21. exf5 Bxf5 22. Nce3 Be6 23. O-O Bh6 24. Rf6 Bxe3+ 25. Nxe3 Ke7 26. Raf1 Raa8 27. Rh6 Rad8 28. Nf5+ Bxf5 29.
Rxf5 Rd7 30. Rff6 Rhd8 31. h4 d5 32. Re6+ Kf7 33. Rxe5 Kg7 34. Rhe6 d4 35. cxd4 Rxd4 36. Rxa6 Rxh4 37. Re7+ Kh8 38. Rae6 b4 39. Re8+ Rxe8 40.
Rxe8+ Kg7 41. Re6 Rd4 42. Rb6 h5 43. Kh2 h4 44. Kh3 Kh7 45. a4 bxa3 46. bxa3 Rd3+ 47. Kxh4 Rxa3 48. g4 Ra5 49. g5 Kg7 50. Kh5 Ra8 51.
Rb7+ Kg8 52. Kh6 Ra6+ 53. g6 Ra8 54. Rg7+ Kh8 55. Rh7+ Kg8 56. Rd7 Rb8 57. Rc7 Ra8 58.
Rg7+ Kh8 59. Re7 Kg8 60. Kg5 Ra5+ 61. Kf6 Ra8 62. Rg7+ Kh8 63. Rh7+ Kg8 64. Re7 Ra6+ 65. Kg5 Ra8 66. Kh6 Rb8 67. Rd7 Ra8 68. g7 Ra6+ 69.
Kg5 Kh7 70. Kf5 Rb6 71. Ke5 Rg6 72. Rd8 Rxg7 73. Re8 Kg6 74. Re6+ Kg5 75. Rf6 Re7+ 76. Re6 Rxe6+ 77. Kxe6 1/2-1/2

[Event "*** Titled Tuesday Blitz"]
[Site "Chess.com"]
[Date "2020.04.28"]
[Round "8"]
[White "Mr_Sinigami"]
[Black "kakakz"]
[Result "1/2-1/2"]
[WhiteElo "2542"]
[BlackElo "2417"]
[TimeControl "180+1"]
[EndTime "11:37:00 PDT"]
[Termination "Game drawn by repetition"]

1. Nf3 Nf6 2. c4 g6 3. Nc3 Bg7 4. e4 d6 5. d4 O-O 6. Be2 e5 7. O-O Nbd7 8. Qc2 Re8 9. d5 Nc5 10. Bd2 a5 11. b3 Nh5 12. g3 f5 13. Nh4 f4 14. a3 Bh3 15. Rfe1 Rf8 16. Bxh5 gxh5 17.
b4 Nd7 18. Qd3 Qf6 19. f3 Bh6 20. Kh1 Kh8 21. Nb5 Rac8 22. Rg1 Rg8 23. Na7 Rcf8 24.
Nb5 Rc8 25. Na7 Ra8 26. Nb5 axb4 27. Nxc7 Rac8 28. Ne6 Nc5 29. Nxc5 Rxc5 30. axb4 Rcc8 31. c5 Bg5 32. cxd6 Bxh4 33. gxh4 Qxd6 34. Bc3 Rce8 35.
Bb2 Qxb4 36. Qc3 Qxc3 37. Bxc3 Rg6 38. Rxg6 hxg6 39. Rb1 Re7 40. Rb6 Kg7 41. Kg1 Kf7 42.
Kf2 Bc8 43. Bb4 Rc7 44. Bd6 Rc2+ 45. Kg1 Rc1+ 46. Kf2 Rc2+ 47. Ke1 Rxh2 48. Bxe5 Rxh4 49. Rf6+ Ke7 50. Rxf4 Rxf4 51. Bxf4 Bd7 52. Be3 Kf6 53.
Kf2 g5 54. Kg3 h4+ 55. Kg2 Bc8 56. Bd4+ Kg6 57. Kf2 Bd7 58. Kg2 Bc8 59. Kf2 Bd7 60. Kg2 Bc8 1/2-1/2

[Event "*** Titled Tuesday Blitz"]
[Site "Chess.com"]
[Date "2020.04.28"]
[Round "8"]
[White "GeorgMeier"]
[Black "XDPS"]
[Result "1-0"]
[WhiteElo "3010"]
[BlackElo "2767"]
[TimeControl "180+1"]
[EndTime "11:37:01 PDT"]
[Termination "GeorgMeier won on time"]

1. Nf3 d5 2. g3 Nf6 3. Bg2 Bg4 4. h3 Bh5 5. c4 c6 6. cxd5 Bxf3 7. Bxf3 cxd5 8. d4 Nc6 9. O-O e6 10. Nc3 Be7 11. e3 O-O 12. Bd2 Qd7 13. Qe2 Rfc8 14. Bg2 Ne8 15. Rfc1 Nd6 16. Be1 Nc4 17. Rab1 b6 18.
Qd1 a6 19. Ne2 b5 20. Nf4 Rab8 21. Nd3 Qa7 22. Rc2 Rc7 23. Rbc1 Rbc8 24. h4 Qb6 25. h5 h6 26. Bf1 a5 27. Nc5 Bxc5 28. dxc5 Qb7 29. b3 Na3 30. Rd2 b4 31. Bg2 Ne7 32.
e4 dxe4 33. Rd8+ Kh7 34. Rxc8 Rxc8 35. Qd6 Nb5 36. Qf4 f5 37. g4 Qc7 38. Qe3 Nd5 39.
Qe2 Qe5 40. Qxb5 Nf4 41. Bd2 Nxg2 42. Kxg2 f4 43. Qc4 Rd8 44. Rc2 Kh8 45. c6 e3 46. Bxe3 fxe3 47. c7 Rc8 48. fxe3 Qxe3 49. Re2 Qb6 50. Rxe6 Qb7+ 51. Qe4 Qxe4+ 52. Rxe4 Rxc7 53.
Kf3 Rc2 54. Re2 Rc5 55. Ke4 Kg8 56. Kf4 Rg5 57. Re5 Rxe5 58. Kxe5 Kf7 59. Kf5 Ke7 60.
g5 Kf8 61. gxh6 gxh6 62. Kg6 Ke7 63. Kxh6 Kf6 64. Kh7 Kf7 65. h6 Ke6 66. Kg7 1-0

[Event "*** Titled Tuesday Blitz"]
[Site "Chess.com"]
[Date "2020.04.28"]
[Round "8"]
[White "Fandorine"]
[Black "Firegrizzly"]
[Result "1-0"]
[WhiteElo "2879"]
[BlackElo "2652"]
[TimeControl "180+1"]
[EndTime "11:37:02 PDT"]
[Termination "Fandorine won on time"]

1. e4 e6 2. d4 d5 3. exd5 exd5 4. Nf3 c6 5. Bd3 Bd6 6. Qe2+ Qe7 7. Nc3 Bg4 8. Be3 Nf6 9. h3 Bh5 10. O-O-O Bg6 11.
Rhe1 O-O 12. Kb1 Qc7 13. g4 Nbd7 14. Nh4 Rfe8 15. Qf3 Bb4 16. Bd2 Bxc3 17. Bxc3 Bxd3 18. cxd3 Rxe1 19. Rxe1 Re8 20. Re3 Qd8 21. Nf5 Re6 22.
Bb4 h6 23. h4 Rxe3 24. fxe3 Qe8 25. g5 hxg5 26. hxg5 Nh7 27. Ne7+ Kh8 28. Qf5 Ndf8 29. Bd6 Ng6 30. Nxg6+ fxg6 31. Qf4 Qd8 32. Qe5 Nf8 33. Be7 Qe8 34. a3 Kh7 35. Qh2+ Kg8 36. Qd6 Nh7 37.
e4 Kf7 38. Bd8 dxe4 39. Qc7+ Kg8 40. dxe4 Qxe4+ 41. Ka1 Qe1+ 42. Ka2 Qe6+ 43. Ka1 Qe1+ 44. Ka2 Qe6+ 45. Ka1 Nf8 46. Be7 Qe1+ 47. Ka2 Qe6+ 48. Ka1 Nd7 49. Bd6 Nb6 50. Be5 Qf7 51. Qb8+ Kh7 52.
Qxa7 Qf1+ 53. Ka2 Qc4+ 54. Ka1 Nd5 55. Qc5 Qf1+ 56. Ka2 Qf7 57. Qc4 b5 58. Qb3 Qf5 59. Qg3 Qc2 60. Qh2+ Kg8 61. Qxc2 Nb4+ 62. axb4 1-0

[Event "*** Titled Tuesday Blitz"]
[Site "Chess.com"]
[Date "2020.04.28"]
[Round "8"]
[White "verdest"]
[Black "noblerone"]
[Result "1/2-1/2"]
[WhiteElo "2574"]
[BlackElo "2447"]
[TimeControl "180+1"]
[EndTime "11:37:02 PDT"]
[Termination "Game drawn by repetition"]

1. d4 d5 2. c4 c6 3. Nf3 Nf6 4. e3 Bg4 5. h3 Bh5 6. g4 Bg6 7. Ne5 Nbd7 8. Qb3 Qb6 9. Nxg6 hxg6 10. Bg2 e6 11. Nd2 Bb4 12. O-O O-O 13. Qc2 Be7 14. b3 Rac8 15. Bb2 a6 16. e4 dxe4 17. Nxe4 Nxe4 18.
Qxe4 Bf6 19. Rad1 Rfe8 20. Rfe1 a5 21. Rd3 a4 22. f4 axb3 23. axb3 Qa5 24. Bc3 Qb6 25.
b4 Qa6 26. c5 Bh4 27. Rf1 Nf6 28.
Qf3 Nd5 29. Bd2 Bf6 30. g5 Be7 31. h4 Rcd8 32. h5 gxh5 33. f5 exf5 34. Qxf5 Rf8 35.
g6 fxg6 36. Qxg6 Rxf1+ 37. Bxf1 Qa1 38. Qxh5 Bf6 39. Rh3 Bxd4+ 40. Kg2 Qb2 41. Qh8+ Kf7 42. Rf3+ Nf6 43. Qxd8 Qxd2+ 44. Kh1 Qh6+ 45. Bh3 Qc1+ 46.
Rf1 Qe3 47. Qd7+ Kf8 48. Qc8+ Kf7 49. Qxb7+ Kg6 50. Qc8 Qe4+ 51. Bg2 Qh4+ 52. Qh3 Qxh3+ 53. Bxh3 Nd5 54. Rb1 Bc3 55. b5 cxb5 56. Rxb5 Nf4 57.
Bg2 Be5 58. c6 Kf6 59. Rb7 Ne6 60. Bd5 Nc7 61. Rb8 g5 62. Rf8+ Ke7 63. Rc8 Kd6 64.
Rxc7 Kxc7 65. Bg2 Kd6 66. Be4 Kc7 67. Kg2 Bf4 68. Kf3 Be5 69. Kg4 Bf4 70. Kf5 Be3 71. Kg4 Bd2 72. Kf5 Bc1 73. Kg4 Bf4 74. Kf5 Bc1 75.
Kg4 Bf4 1/2-1/2